 Dungeon Crawl Stone Soup version 0.30.0 (webtiles) character file.

Game seed: 460328998473902192

129 cheesebisquit the Grave Robber (level 5, -2/39 HPs)
             Began as a Ghoul Necromancer on May 6, 2023.
             Splashed by a jelly's acid (7 damage)
             ... on level 4 of the Dungeon.
             The game lasted 00:11:54 (4627 turns).

cheesebisquit the Grave Robber (Ghoul Necromancer)  Turns: 4627, Time: 00:11:55

Health: -2/39      AC: -1    Str: 12    XL:     5   Next: 12%
Magic:  0/7        EV: 12    Int: 12    God:
Gold:   217        SH:  0    Dex:  9    Spells: 5/9 levels left

rFire   . . .        (no weapon)
rCold   + . .        (no shield)
rNeg    + + +        a - +0 robe
rPois   ∞            (no helmet)
rElec   .            (no cloak)
rCorr   .            (no gloves)
SInv    .            h - +0 pair of boots
Will    .....        (no amulet)
Stlth   ++           (no ring)
HPRegen 0.00/turn    (no ring)
MPRegen 0.10/turn

%: no passive effects
@: corroded, inhibited regen
A: claws 1, cold resistance 1, negative energy resistance 3, inhibited
regeneration, torment resistance 2, devour on kill
a: no special abilities


You were on level 4 of the Dungeon.
You visited 1 branch of the dungeon, and saw 4 of its levels.

You collected 217 gold pieces.

Inventory:

Missiles
 l - a throwing net
Armour
 a - a +0 robe (worn)
 h - a +0 pair of boots (worn)
Scrolls
 b - a scroll of immolation
 c - a scroll of enchant weapon
 d - a scroll of noise {unknown}
 g - a scroll of butterflies {unknown}
 i - a scroll of amnesia {unknown}
 j - a scroll of fog {unknown}
 m - a scroll of blinking {unknown}
Potions
 e - a potion of curing {unknown}
 f - a potion of berserk rage {unknown}
 k - a potion of might {unknown}
 n - a potion of mutation {unknown}
 o - a potion of invisibility {unknown}


   Skills:
 + Level 0.9 Fighting
 - Level 1.7 Dodging
 - Level 2.1 Stealth
 + Level 2.5 Spellcasting
 + Level 5.6 Necromancy


You had 5 spell levels left.
You knew the following spells:

 Your Spells              Type           Power      Damage    Failure   Level
a - Necrotise             Necr           60%        1d7       2%          1
z - Vampiric Draining     Necr           15%        2d7       8%          3

Your spell library contained the following spells:

 Spells                   Type           Power      Damage    Failure   Level
 Animate Dead             Necr           15%        N/A       24%         4
 Summon Small Mammal      Summ           4%         N/A       26%         1
 Poisonous Vapours        Pois/Air       2%         N/A       36%         2
 Agony                    Necr           15%        N/A       56%         5
 Call Canine Familiar     Summ           1%         N/A       61%         3
 Mephitic Cloud           Conj/Pois/Air  1%         N/A       61%         3
 Summon Guardian Golem    Hex/Summ       1%         N/A       61%         3
 Freezing Cloud           Conj/Ice/Air   0%         6-21      100%        5


Dungeon Overview and Level Annotations

Branches:
Dungeon (4/15)
 Temple: D:4-7

Altars:
Vehumet

Shops:
D:1 ???


Innate Abilities, Weirdness & Mutations

You are immune to poison.
You have sharp fingernails.
Your flesh is cold resistant. (rC+)
You are immune to negative energy. (rN+++)
You do not regenerate when monsters are visible.
You are immune to unholy pain and torment.
You thrive by killing the living.


Message History

The jackal writhes in agony.
You kill the jackal!
You feel better.
The dead are walking!
A jelly comes into view.
The jelly jiggles.
You hear a distant slurping noise.
The door mysteriously vanishes.
Aiming: Necrotise (safe; 2% risk of failure)
Press: ? - help, Q - select action, (/) - cycle Shift-Dir - straight line, f - jelly
Aim: a jelly (ally target, chance to affect: 79%)
Okay, then.
Your jackal skeleton bites the jelly.
Your jackal skeleton is burned by acid!
Aiming: Necrotise (safe; 2% risk of failure)
Press: ? - help, Q - select action, (/) - cycle Shift-Dir - straight line, f - jelly
Aim: a jelly (lightly wounded, ally target, chance to affect: 79%)
The jelly writhes in agony.
Your jackal skeleton bites the jelly.
Your jackal skeleton is burned by acid!
Your jackal skeleton is destroyed!
The jelly hits you but does no damage.
You barely miss the jelly.
The jelly is lightly wounded.
The jelly closely misses you.
Aiming: Necrotise (safe; 2% risk of failure)
Press: ? - help, Q - select action, (/) - cycle Shift-Dir - straight line, f/p - jelly
Aim: a jelly (lightly wounded, chance to affect: 79%)
The jelly writhes in agony.
The jelly closely misses you.
You scratch the jelly.
Your claws burn!
The jelly is heavily wounded.
The jelly hits you but does no damage.
You scratch the jelly. The acid corrodes you!
Your claws burn!
* * * LOW HITPOINT WARNING * * *
The jelly is severely wounded.
The jelly hits you.
* * * LOW HITPOINT WARNING * * *
You are splashed with acid!
You die...

#.#..#.#.#.......#
#................#
#..#..#.#..#.....#
#.............#..#
#.#.#.....#.#.#..#
#......_......# ##
#)#.#.....#.#.
#)...........
#..#.@#.#..#.
#.....J......$.
#..##..#.#.#...
........... ..
.....##..#### ...
.... .... ## .
#.... #...


You could see a jelly.

Vanquished Creatures
  3 adders (D:2)
  An ufetubus (D:4)
  2 worms (D:2)
  3 dart slugs
  6 endoplasms
  8 goblins
  9 hobgoblins
  4 jackals
  3 quokkas
  5 ball pythons
  2 bats (D:2)
  6 frilled lizards
  11 kobolds
  3 rats
  2 bushes (D:3)
68 creatures vanquished.

Vanquished Creatures (collateral kills)
  An adder (D:2)
  A dart slug (D:1)
  A kobold (D:3)
  A frilled lizard (D:1)
  A rat (D:3)
5 creatures vanquished.

Vanquished Creatures (others)
  6 plants (D:3)
6 creatures vanquished.

Grand Total: 79 creatures vanquished

Notes
Turn   | Place    | Note
-------+----------+-------------------------------------------
     0 | D:1      | cheesebisquit the Ghoul Necromancer began the quest for the
                  | Orb.
     0 | D:1      | Reached XP level 1. HP: 14/14 MP: 2/2
    85 | D:1      | Found Copri's Magic Scroll Shop.
   191 | D:1      | Reached XP level 2. HP: 20/20 MP: 0/3
   233 | D:1      | Found Suzysibb's Magic Scroll Boutique.
   577 | D:1      | Found Omuiwaepoa's Magic Scroll Shoppe.
   726 | D:1      | Reached XP level 3. HP: 26/26 MP: 0/4
   803 | D:1      | Reached skill level 5 in Necromancy
  1386 | D:1      | Learned a level 3 spell: Vampiric Draining
  1799 | D:2      | Reached XP level 4. HP: 32/33 MP: 1/6
  3490 | D:3      | Reached XP level 5. HP: 39/39 MP: 0/7
  4557 | D:4      | Found a radiant altar of Vehumet.
  4627 | D:4      | Splashed by a jelly's acid

Illustrated notes

Levels and vault maps discovered:
D:1:      saegor_arrival_simple_e, layout_basic, serial_shops,
          nicolae_shop_stone, nicolae_shop_tiny_statue_garden, shop
D:2:      layout_basic
D:3:      layout_basic, lexackson_kobold_supper
D:4:      layout_basic, evilmike_ruin_ashenzari, nicolae_vehumet_radiance,
          nicolae_ossuary_entry_plus, dk_rats_in_the_wall

Skill      XL: |  1  2  3 |
---------------+----------+-----
Necromancy     | 5 |  5.6
Spellcasting   | 2 |  2.5
Fighting       | |  0.9
Dodging        | |  1.7
Stealth        | |  2.1

Action                     |  1- 3 |  4- 6 || total
---------------------------+-------+-------++-------
  Melee: Unarmed           |    54 |   946 ||  1000
         Punch             |     1 |    22 ||    23
   Cast: Necrotise         |    79 |    77 ||   156
    Use: Potion            |     1 |       ||     1
         Scroll            |       |     2 ||     2
 Armour: Robe              |    12 |    27 ||    39
  Dodge: Dodged            |    39 |    71 ||   110
